 Dungeon Crawl Stone Soup version 0.26-a0-651-gb41185065b (webtiles) character file.

Game seed: 2024669984697640785

102 kae the Ruffian (level 4, -1/36 HPs)
             Began as a Draconian Transmuter on Oct 7, 2020.
             Succumbed to an orc wizard's poison
             ... on level 3 of the Dungeon.
             The game lasted 00:01:48 (2111 turns).

kae the Ruffian (Draconian Transmuter)              Turns: 2111, Time: 00:01:48

Health: -1/36      AC:  6    Str: 13    XL:     4   Next: 49%
Magic:  7/7        EV: 12    Int: 14    God:
Gold:   169        SH:  0    Dex: 11    Spells: 6/7 levels left

rFire    + . .     SeeInvis .   j - +2 whip (venom)
rCold    . . .     Faith    .   (no shield)
rNeg     . . .     Spirit   .   (armour unavailable)
rPois    .         Reflect  .   (helmet restricted)
rElec    .         Harm     .   i - +0 cloak
rCorr    .         Rampage  .   (no gloves)
MR       .....                  (no boots)
Stlth    +.........             (no amulet)
HPRegen  0.12/turn              b - ring of protection from fire
MPRegen  0.10/turn              (no ring)

@: lethally poisoned (-1 -> -44)
A: unfitting armour, cold-blooded, AC +5
a: no special abilities


You were on level 3 of the Dungeon.
You visited 1 branch of the dungeon, and saw 3 of its levels.

You collected 169 gold pieces.

Inventory:

Hand Weapons
 f - a +0 hand axe
 j - a +2 whip of venom (weapon)
Armour
 i - a +0 cloak (worn)
Jewellery
 b - a ring of protection from fire (left hand)
Scrolls
 a - 3 scrolls of identify
 c - 3 scrolls of teleportation
 g - a scroll of fear
 h - a scroll of remove curse {unknown}
Potions
 d - 2 potions of might
 e - a potion of lignification {unknown}
 k - a potion of mutation {unknown}


   Skills:
 + Level 2.2 Fighting
 - Level 1.7 Dodging
 * Level 4.1 Unarmed Combat
 - Level 2.0 Spellcasting
 * Level 3.3 Transmutations


You had 6 spell levels left.
You knew the following spells:

 Your Spells              Type           Power        Failure   Level
a - Beastly Appendage     Tmut           ##....       6%          1

Your spell library contained the following spells:

 Spells                   Type           Power        Failure   Level
 Wereblood                Tmut           ##......     10%         2
 Spider Form              Tmut/Pois      #.........   36%         3
 Ice Form                 Ice/Tmut       #.......     77%         4
 Blade Hands              Tmut           ##........   86%         5


Dungeon Overview and Level Annotations

Branches:
Dungeon (3/15)

Altars:
Trog


Innate Abilities, Weirdness & Mutations

Your plain brown scales are hard. (AC +5)
You cannot fit into any form of body armour.
You are cold-blooded and may be slowed by cold attacks.


Message History

Something hits you.
You hit the orc.
The orc is poisoned.
Your tail-slap misses the orc.
The orc is heavily wounded.
You feel sick.
You kill the orc!
Something hits you.
You are more poisoned.
Something hits you but does no damage.
You are more poisoned.
You closely miss something. You claw something.
You feel very sick.
You hear some strange, mumbled words.
A magic dart appears from out of thin air!
The magic dart hits you!
* * * LOW HITPOINT WARNING * * *
Something hits you but does no damage.
You are more poisoned.
You hit something.
Your horns disappear.
Your talons disappear.
You die...

#$...# #.......
#....# #.##....
#....o ##.###
#...o# #..# #
#....### #.## #
#......# ###.#
######.# ###..†#
#[## ##...######
#@{# ##..### #..
##.####..## #..#
##<..##.## ####.
#.....#.##.....
#..........###
#.......######
#............##
#.....######..####
#.....# ##.<...


There were no monsters in sight!

Vanquished Creatures
  2 oozes
  An adder zombie (D:3)
  3 worms
  A dart slug (D:1)
  5 leopard geckos
  5 orcs (D:3)
  11 bats
  5 giant cockroaches (D:1)
  5 hobgoblins
  3 jackals (D:2)
  A quokka (D:3)
  A ball python (D:1)
  4 frilled lizards
  7 goblins
  10 kobolds
  4 rats
68 creatures vanquished.

Vanquished Creatures (others)
  6 plants (D:2)
6 creatures vanquished.

Grand Total: 74 creatures vanquished

Notes
Turn   | Place    | Note
-------+----------+-------------------------------------------
     0 | D:1      | kae the Draconian Transmuter began the quest for the Orb.
     0 | D:1      | Reached XP level 1. HP: 16/16 MP: 3/3
   139 | D:1      | Reached XP level 2. HP: 23/23 MP: 3/5
   599 | D:1      | Reached XP level 3. HP: 26/29 MP: 4/6
  1428 | D:2      | Reached XP level 4. HP: 30/36 MP: 5/7
  1652 | D:2      | Found a bloodstained altar of Trog.
  1784 | D:3      | Reached skill level 4 in Unarmed Combat
  2111 | D:3      | Succumbed to an orc wizard's poison

Illustrated notes

Levels and vault maps discovered:
D:1:      saegor_arrival_simple_b, layout_basic
D:2:      layout_loops_ring, lightli_temple_of_fire, serial_forest,
          infiniplex_forest_lined_2, infiniplex_forest_clump_large,
          infiniplex_forest_clump_double, infiniplex_forest_diagonal,
          infiniplex_forest_lined_room_, infiniplex_forest_clump_double,
          infiniplex_forest_clump_tiny, infiniplex_forest_lined_3
D:3:      layout_rooms

Skill      XL: |  1  2  3  4 |
---------------+-------------+-----
Fighting       | 2 |  2.2
Transmutations | 3 |  3.3
Unarmed Combat | 4 |  4.1
Dodging        | |  1.7
Spellcasting   | |  2.0

Action                   |  1- 3 |  4- 6 || total
-------------------------+-------+-------++-------
Melee: Unarmed           |   139 |    41 ||   180
       Tailslap          |     7 |    10 ||    17
       Kick              |    22 |    18 ||    40
       Headbutt          |    13 |     7 ||    20
       Whip              |       |    17 ||    17
       Hand axe          |       |     2 ||     2
 Cast: Beastly Appendage |    22 |    10 ||    32
  Use: Scroll            |     2 |     3 ||     5
Armor: Skin              |    55 |    22 ||    77
Dodge: Dodged            |   103 |    38 ||   141

Table legend: (Time is in decaauts)
 A = Elapsed time spent in this place.
 B = Non-inter-level travel time spent in this place.
 C = Inter-level travel time spent in this place.
 D = Time resting spent in this place.
 E = Time spent auto-exploring this place.
 F = Levels seen in this place.
 G = Mean time per level.
                   A        B        C        D        E       F      G
               +--------+--------+--------+--------+--------+-----+--------+
         Total |   2099 |   2040 |     59 |    263 |   1359 |   3 |  699.7 |
       Dungeon |   2099 |   2040 |     59 |    263 |   1359 |   3 |  699.7 |
               +--------+--------+--------+--------+--------+-----+--------+

Top non-repeatable levels by time:
     D:2: 990 daAuts
     D:1: 734 daAuts
     D:3: 374 daAuts
